[Event "Team 45 45 League T34"]
[Site "Internet Chess Club"]
[Date "2007.09.16"]
[Round "9"]
[White "Zornorph"]
[Black "fledermaus"]
[Result "0-1"]
[WhiteElo "2008"]
[BlackElo "2078"]
[Opening "English opening"]
[ECO "A13"]
[Time "15:07:51"]
[TimeControl "2700+45"]

1. c4 e6 2. Nc3 d5 3. e3 Nf6 4. Nf3 c5 5. d4 Nc6 6. b3 cxd4 7. exd4 Bb4 8. Qd3
Ne4 9. Bb2 Qa5 10. Rc1 Qxa2 11. Qc2 Bxc3+ 12. Bxc3 Qxc2 13. Rxc2 Nxc3 14. Rxc3
Bd7 15. cxd5 exd5 16. Rc5 O-O-O 17. Ne5 Kb8 18. Nxc6+ Bxc6 19. Bd3 Bd7 20. Kd2
Be6 21. Ra1 b6 22. Rcc1 h6 23. Ra2 Rc8 24. Re1 Rhe8 25. Re3 Rc7 26. Ba6 Bd7 27.
Rf3 Re4 28. Rxf7 Rxd4+ 29. Ke3 Re4+ 30. Kd3 Bb5+ 31. Bxb5 Rxf7 32. Bc6 Re6
{White resigns} 0-1

[Event "Team 45 45 League T34"]
[Site "Internet Chess Club"]
[Date "2007.09.16"]
[Round "9"]
[White "Wheels"]
[Black "kabindra"]
[Result "1-0"]
[WhiteElo "1886"]
[BlackElo "1737"]
[Opening "Ruy Lopez: 5.O-O"]
[ECO "C78"]
[Time "13:30:20"]
[TimeControl "2700+45"]

1. e4 e5 2. Nf3 Nc6 3. Bb5 a6 4. Ba4 Nf6 5. O-O b5 6. Bb3 Be7 7. d3 O-O 8. c3 d6
9. Nbd2 Na5 10. Bc2 c5 11. Re1 Bg4 12. Nf1 Rc8 13. Ng3 Qc7 14. Be3 Rfd8 15. Rc1
d5 16. Qe2 dxe4 17. dxe4 c4 18. h3 Bd7 19. Red1 Re8 20. Rd2 Rcd8 21. Rcd1 b4 22.
Bg5 b3 23. axb3 cxb3 24. Bd3 Bb5 25. Bxb5 axb5 26. Qxb5 h6 27. Be3 Rxd2 28. Nxd2
Rb8 29. Qd3 Rd8 30. Qe2 Qd7 31. Bb6 Ra8 32. Bxa5 Rxa5 33. Nxb3 Qb5 34. Nxa5 Qxa5
35. Nf5 Bf8 36. Qd3 Qa4 37. f3 Bc5+ 38. Kh1 Qb3 39. Rd2 Kh7 40. Ne3 Qa2 41. b4
Qa7 42. bxc5 Qxc5 43. Nd5 Nh5 44. Kh2 Qc6 45. c4 Qa6 46. c5 Qc6 47. Rc2 Qg6 48.
g4 Nf6 49. c6 Nxd5 50. Qxd5 Qf6 51. Kg2 {Black resigns} 1-0

[Event "Team 45 45 League T34"]
[Site "Internet Chess Club"]
[Date "2007.09.12"]
[Round "9"]
[White "jlowe"]
[Black "tammany"]
[Result "1-0"]
[WhiteElo "1723"]
[BlackElo "1555"]
[Opening "Sicilian: Alapin's variation (2.c3)"]
[ECO "B22"]
[Time "22:07:20"]
[TimeControl "2700+45"]

1. e4 c5 2. c3 e6 3. d4 d5 4. exd5 Qxd5 5. Nf3 Nc6 6. Bd3 Bd7 7. O-O Nf6 8. Be3
cxd4 9. cxd4 a6 10. Nc3 Qa5 11. a3 Nd5 12. Rc1 Be7 13. Qb3 Nxc3 14. Rxc3 b5 15.
Rfc1 Nd8 16. Be4 Rb8 17. Bf4 e5 18. Bxe5 b4 19. Bxb8 bxc3 20. Qxc3 Qb5 21. Bg3
O-O 22. Ne5 Be8 23. Qc2 g6 24. Bd3 Qb6 25. b4 a5 26. Qc7 Qxc7 27. Rxc7 Bd6 28.
Rc8 Ne6 29. Nxg6 Bxg3 30. Nxf8 Bxf2+ 31. Kxf2 Kxf8 32. d5 Ng7 33. Bc4 axb4 34.
axb4 Ke7 35. b5 Nf5 36. b6 {Black resigns} 1-0

[Event "Team 45 45 League T34"]
[Site "Internet Chess Club"]
[Date "2007.09.16"]
[Round "9"]
[White "Vitruvian"]
[Black "Terte"]
[Result "0-1"]
[WhiteElo "1849"]
[BlackElo "2126"]
[Opening "Sicilian: Alapin's variation (2.c3)"]
[ECO "B22"]
[Time "08:44:41"]
[TimeControl "2700+45"]

1. e4 c5 2. c3 e6 3. d4 d5 4. exd5 exd5 5. Be3 c4 6. b3 Be6 7. Qf3 Nc6 8. bxc4
dxc4 9. Nd2 Qa5 10. Bf4 Rc8 11. Be2 Ba3 12. Rb1 Nge7 13. Nh3 Nxd4 14. cxd4 c3
15. O-O cxd2 16. Rxb7 Bd5 17. Rxe7+ Bxe7 18. Qg4 O-O 19. Bh6 Bf6 20. Bd3 Rc1 21.
Nf4 Rxf1+ 22. Bxf1 d1=Q 23. Qxd1 gxh6 24. Nh5 Qb6 25. Qg4+ Bg5 26. h4 f5 27. Qg3
Qg6 28. hxg5 Qxh5 29. Qe5 Qf7 30. gxh6 Re8 {White resigns} 0-1

[Event "Team 45 45 League T34"]
[Site "Internet Chess Club"]
[Date "2007.09.17"]
[Round "9"]
[White "andreip"]
[Black "nursey"]
[Result "1/2-1/2"]
[WhiteElo "1969"]
[BlackElo "1701"]
[Opening "Queen's bishop game"]
[ECO "D02"]
[Time "13:51:10"]
[TimeControl "2700+45"]

1. d4 d5 2. Nf3 Nf6 3. Bf4 e6 4. e3 Bd6 5. Bxd6 Qxd6 6. a3 O-O 7. Bd3 c5 8. dxc5
Qxc5 9. O-O Nc6 10. c3 e5 11. Be2 Bg4 12. Nbd2 Rac8 13. Nh4 Bxe2 14. Qxe2 Qb6
15. Rab1 Rfe8 16. Nf5 Ne7 17. Nxe7+ Rxe7 18. Rfd1 Rec7 19. Nf3 Qe6 20. Qb5 a6
21. Qb4 Ne4 22. Nd2 f5 23. Nxe4 fxe4 24. Rd2 b6 25. Rbd1 Rc4 26. Qb3 R8c5 27.
Qa2 b5 28. b4 Rc6 29. Rxd5 h6 30. a4 bxa4 31. Qxa4 Rxc3 32. h3 Rc2 33. R5d2 Rxd2
34. Rxd2 Rc1+ 35. Kh2 Kf7 36. b5 axb5 37. Qxb5 Kf6 38. Qb4 Kf5 39. g4+ Kg5 40.
Qxe4 Kh4 41. f4 h5 42. f5 Qc4 43. Qxe5 hxg4 44. hxg4 Qxg4 45. Rd4 Rc2+ 46. Kh1
Rc1+ 47. Kh2 {Game drawn by mutual agreement} 1/2-1/2

[Event "Team 45 45 League T34"]
[Site "Internet Chess Club"]
[Date "2007.09.15"]
[Round "9"]
[White "superbeast"]
[Black "Victorianum"]
[Result "1-0"]
[WhiteElo "1639"]
[BlackElo "1598"]
[Opening "English: symmetrical, Botvinnik system reversed"]
[ECO "A37"]
[Time "09:59:24"]
[TimeControl "2700+45"]

1. c4 c5 2. Nf3 Nc6 3. g3 g6 4. Bg2 Bg7 5. Nc3 e5 6. d3 Nge7 7. O-O O-O 8. Rb1
d6 9. a3 a6 10. b4 e4 11. Nxe4 cxb4 12. axb4 Bf5 13. Bf4 Bxe4 14. dxe4 Ne5 15.
Qb3 Qc7 16. Rfc1 Nxf3+ 17. Bxf3 Be5 18. Bh6 Rfe8 19. c5 Nc6 20. e3 Rad8 21. Bg2
Bg7 22. Bg5 Rb8 23. cxd6 Qxd6 24. b5 Ne5 25. f4 Ng4 26. e5 Qd2 27. Rc7 Rf8 28.
Be7 Nxe3 29. Bf3 Qd4 30. Bc5 Qd8 31. Bxf8 Qxc7 32. Bd6 Qb6 33. bxa6 {Black
resigns} 1-0

[Event "Team 45 45 League T34"]
[Site "Internet Chess Club"]
[Date "2007.09.16"]
[Round "9"]
[White "gugamircea"]
[Black "vrahimov"]
[Result "1-0"]
[WhiteElo "1583"]
[BlackElo "1494"]
[Opening "KGD: Falkbeer, Nimzovich variation"]
[ECO "C32"]
[Time "13:03:11"]
[TimeControl "2700+45"]

1. e4 e5 2. f4 d5 3. exd5 e4 4. Bb5+ Bd7 5. Nc3 Nf6 6. Qe2 Bd6 7. d4 O-O 8. Be3
a6 9. Bxd7 Nbxd7 10. O-O-O b5 11. g4 b4 12. g5 bxc3 13. gxf6 cxb2+ 14. Kb1 Nxf6
15. c4 Re8 16. Nh3 a5 17. Rdg1 g6 18. f5 Bf8 19. fxg6 fxg6 20. Nf4 Bg7 21. h4
Nd7 22. h5 g5 23. Ne6 Rxe6 24. dxe6 Nb6 25. Rxg5 h6 26. Rg6 Kh7 27. Qg2 Bxd4 28.
Rxh6# {Black checkmated} 1-0

[Event "Team 45 45 League T34"]
[Site "Internet Chess Club"]
[Date "2007.09.16"]
[Round "9"]
[White "SuperPeon"]
[Black "dalfonso"]
[Result "0-1"]
[WhiteElo "2017"]
[BlackElo "1945"]
[Opening "Sicilian: Hungarian variation"]
[ECO "B27"]
[Time "19:01:57"]
[TimeControl "2700+45"]

1. e4 c5 2. Nf3 g6 3. d4 cxd4 4. Qxd4 Nf6 5. Bg5 Nc6 6. Qd2 Bg7 7. Nc3 d6 8. Bb5
O-O 9. O-O-O a6 10. Bxc6 bxc6 11. e5 Nd5 12. Nxd5 cxd5 13. Bh6 dxe5 14. Bxg7
Kxg7 15. Nxe5 Be6 16. h4 Qc7 17. Nf3 h6 18. Nd4 Rac8 19. f4 Bg4 20. Rde1 e6 21.
c3 a5 22. Nc2 Qb6 23. Ne3 Bf5 24. Nxf5+ gxf5 25. h5 d4 26. Rh3 Rfd8 27. Rd3 dxc3
28. bxc3 Rb8 29. Rg3+ Kh7 30. Qc2 Qc5 31. c4 Rb4 32. Rc3 Rc8 33. Ree3 Rxc4 34.
Kd2 Qd4+ 35. Qd3 Qxf4 36. g3 Qf2+ 37. Re2 Rxc3 38. Rxf2 Rxd3+ 39. Kxd3 Kg7 40.
Rb2 Kf6 41. Rb5 Ra8 42. Rb7 Rd8+ 43. Ke3 Rd5 44. Ra7 Kg5 45. Rxf7 Kxh5 46. Rg7
Rb5 47. Kf4 Rb4+ 48. Ke5 Rg4 49. Rf7 Re4+ 50. Kf6 f4 51. Rg7 f3 52. Ke7 Rg4 53.
Rf7 Rxg3 54. Kxe6 Kh4 55. Rf5 Kg4 56. Rxa5 f2 57. Ra4+ Kf3 58. Ra3+ Kg2 59. Ra5
f1=Q {White resigns} 0-1

[Event "Team 45 45 League T34"]
[Site "Internet Chess Club"]
[Date "2007.09.14"]
[Round "9"]
[White "hewdondada"]
[Black "backfire"]
[Result "0-1"]
[WhiteElo "1747"]
[BlackElo "1918"]
[Opening "QGD semi-Slav"]
[ECO "D43"]
[Time "22:01:49"]
[TimeControl "2700+45"]

1. d4 d5 2. c4 c6 3. Nf3 Nf6 4. Nc3 e6 5. cxd5 exd5 6. Bg5 Be7 7. Qc2 Bg4 8. Ne5
Bh5 9. e3 Nbd7 10. Nxd7 Nxd7 11. Bxe7 Qxe7 12. Bd3 Bg6 13. O-O Bxd3 14. Qxd3 O-O
15. Rfc1 Nf6 16. Rab1 Ne4 17. b4 Nxc3 18. Rxc3 Qe4 19. Qxe4 dxe4 20. b5 cxb5 21.
Rxb5 b6 22. Re5 Rac8 23. Rxc8 Rxc8 24. g3 Kf8 25. d5 Rc1+ 26. Kg2 Rd1 27. d6
Rxd6 28. Rxe4 Rd2 29. a4 Ra2 30. g4 g6 31. Kg3 Kg7 32. h4 a6 33. Rb4 a5 34. Rd4
Rb2 35. Kf3 b5 36. axb5 Rxb5 37. g5 h6 38. Rg4 f6 39. gxf6+ Kxf6 40. Rf4+ Rf5
41. Rxf5+ Kxf5 42. Ke2 g5 43. hxg5 Kxg5 {White resigns} 0-1

[Event "Team 45 45 League T34"]
[Site "Internet Chess Club"]
[Date "2007.09.15"]
[Round "9"]
[White "cityprosecutor"]
[Black "primerpaso"]
[Result "0-1"]
[WhiteElo "1783"]
[BlackElo "1795"]
[Opening "Sicilian"]
[ECO "B50"]
[Time "19:08:13"]
[TimeControl "2700+45"]

1. e4 c5 2. Nf3 d6 3. d3 g6 4. g3 Bg7 5. Bg2 Nc6 6. O-O e6 7. Re1 Nge7 8. Nbd2
O-O 9. a4 Qc7 10. Nc4 d5 11. Ne3 Rd8 12. Qe2 Nd4 13. Nxd4 cxd4 14. Ng4 dxe4 15.
dxe4 e5 16. Nh6+ Kf8 17. Bg5 f6 18. Qf3 Rd6 19. Rac1 Ng8 20. Nxg8 Kxg8 21. Bd2
Be6 22. Bb4 Rd7 23. Bf1 a6 24. c3 Qd8 25. cxd4 Rxd4 26. Red1 Rxd1 27. Rxd1 Qe8
28. b3 Rd8 29. Ba5 Rxd1 30. Qxd1 Qd7 31. Qc2 Bf8 32. Bb6 Qf7 33. Bc4 Bxc4 34.
bxc4 Qd7 35. c5 Be7 36. Qc4+ Kf8 37. Qd5 Ke8 38. a5 Bf8 39. Kg2 Be7 40. f4 exf4
41. gxf4 Qg4+ 42. Kf1 Qxf4+ 43. Ke1 Qe3+ 44. Kd1 Qg1+ 45. Kc2 Qxh2+ 46. Kc3 Qe5+
47. Qxe5 fxe5 48. Kc4 Kd7 49. Kd5 Bf6 50. Ba7 h5 51. Bb8 h4 {White resigns} 0-1

[Event "Team 45 45 League T34"]
[Site "Internet Chess Club"]
[Date "2007.09.15"]
[Round "9"]
[White "StrayLite"]
[Black "Extremophile"]
[Result "1-0"]
[WhiteElo "2031"]
[BlackElo "2202"]
[Opening "Sicilian: closed"]
[ECO "B23"]
[Time "15:13:12"]
[TimeControl "2700+45"]

1. e4 c5 2. Nc3 e6 3. f4 a6 4. Nf3 Nc6 5. g3 Nf6 6. Bg2 d5 7. e5 d4 8. Ne2 Nd5
9. O-O Be7 10. d3 b5 11. Re1 Qb6 12. Kh1 h5 13. b3 h4 14. gxh4 Bxh4 15. Nxh4
Rxh4 16. Ng3 Nc3 17. Qf3 Bb7 18. Qf2 O-O-O 19. Nf5 Rh7 20. Nd6+ Rxd6 21. exd6
Nb4 22. f5 Qxd6 23. Bf4 Bxg2+ 24. Kxg2 Qd5+ 25. Kg1 Qxf5 26. Re5 Qg6+ 27. Rg5
Qf6 28. Rxc5+ Kb7 29. Rc7+ Kb6 30. Rd7 e5 31. Bg3 Qxf2+ 32. Kxf2 f6 33. a4 Nxc2
34. Rc1 Nb4 35. Kg2 Kc6 36. Rd8 Kc7 37. Rxd4 Na2 38. Rc2 Rh8 39. Rg4 Kd6 40.
Rxg7 Ke6 41. Ra7 bxa4 42. bxa4 Rd8 43. Rxa6+ Kf5 44. Rf2+ Kg4 45. Raxf6 Rxd3 46.
h3+ {Black resigns} 1-0

[Event "Team 45 45 League T34"]
[Site "Internet Chess Club"]
[Date "2007.09.16"]
[Round "9"]
[White "EUPHRATES"]
[Black "smitty120"]
[Result "1-0"]
[WhiteElo "1979"]
[BlackElo "1904"]
[Opening "Anderssen's opening"]
[ECO "A00"]
[Time "12:05:13"]
[TimeControl "2700+45"]

1. a3 d5 2. Nf3 Nf6 3. d4 e6 4. e3 Be7 5. c4 c6 6. Nbd2 O-O 7. Bd3 Nbd7 8. O-O
Re8 9. b4 Bf8 10. Bb2 Qc7 11. Qc2 g6 12. e4 dxe4 13. Nxe4 Bg7 14. Neg5 b6 15. h3
Bb7 16. Rfe1 Rac8 17. Rad1 Nh5 18. Nxf7 Kxf7 19. Ng5+ Kg8 20. Nxh7 Nf4 21. Bxg6
Nxg6 22. Qxg6 Qf4 23. Rxe6 Rxe6 24. Qxe6+ Qf7 25. Qxf7+ Kxf7 26. Ng5+ Kg6 27.
Ne6 Bf6 28. Rd3 Kf5 29. Re3 Rg8 30. g4+ Kg6 31. f4 Kf7 32. g5 Bh8 33. f5 Bc8 34.
g6+ Ke7 35. g7 Kf7 36. d5 cxd5 37. Kf1 Bxg7 38. Bxg7 Rxg7 39. Nxg7 Kxg7 40. Re8
Ba6 41. Re7+ Kf6 42. Rxd7 Bxc4+ 43. Kf2 Kxf5 44. Rxa7 d4 45. h4 Kg4 46. Rd7 b5
47. Rxd4+ Kh5 48. Kg3 Bb3 49. Rd8 Kh6 50. Kf4 Kg6 51. Ke5 Kh5 52. Rh8+ Kg6 53.
h5+ Kg7 54. Rb8 Bc4 55. Rb6 Kh7 56. h6 Be2 57. Kf4 Bc4 58. Kg5 Bd5 59. Rxb5
{Black resigns} 1-0

[Event "Team 45 45 League T34"]
[Site "Internet Chess Club"]
[Date "2007.09.17"]
[Round "9"]
[White "chessateer"]
[Black "Queen"]
[Result "1-0"]
[WhiteElo "1839"]
[BlackElo "1768"]
[Opening "Pirc: Ufimtsev-Pytel variation"]
[ECO "B07"]
[Time "10:04:30"]
[TimeControl "2700+45"]

1. e4 d6 2. d4 Nf6 3. Nc3 c6 4. f4 Qa5 5. e5 Bg4 6. Be2 Bxe2 7. Nxe2 Ne4 8. O-O
Nxc3 9. Nxc3 e6 10. f5 g6 11. fxe6 fxe6 12. Qf3 Qc7 13. Qf6 Bg7 14. Qxe6+ Kd8
15. Bg5+ Bf6 {Black resigns} 1-0

[Event "Team 45 45 League T34"]
[Site "Internet Chess Club"]
[Date "2007.09.15"]
[Round "9"]
[White "Kingofknights"]
[Black "Lazerpawn"]
[Result "1/2-1/2"]
[WhiteElo "1787"]
[BlackElo "1681"]
[Opening "King's Indian: Sämisch, 6...Nc6"]
[ECO "E83"]
[Time "11:01:11"]
[TimeControl "2700+45"]

1. d4 Nf6 2. c4 g6 3. Nc3 Bg7 4. e4 d6 5. f3 O-O 6. Be3 Nc6 7. Qd2 a6 8. Bd3 Bd7
9. Nge2 e5 10. d5 Ne7 11. b4 Ne8 12. O-O f5 13. exf5 Bxf5 14. Be4 Nf6 15. Rab1
b6 16. c5 b5 17. cxd6 cxd6 18. Rfd1 Bc8 19. a4 Qe8 20. axb5 axb5 21. Qd3 Bd7 22.
Ra1 Rb8 23. Ra6 Nc8 24. Rda1 Qd8 25. R1a5 Nb6 26. Nxb5 Bc8 27. Ra7 Bb7 28. Bxb6
Qxb6+ 29. Kf1 Bh6 30. Nec3 Be3 31. Ra2 Ra8 32. Rxa8 Rxa8 33. Rxa8+ Bxa8 34. Qc4
Qb8 35. Qc7 Qf8 36. Qxd6 Qxd6 37. Nxd6 Kf8 38. Ke2 Bd4 39. Ncb5 Nxd5 40. Nxd4
exd4 41. Bxd5 Bxd5 42. Kd3 Ke7 43. Ne4 h6 44. Kxd4 Ke6 45. b5 Ba8 46. Kc5 Kd7
47. Nf6+ Ke6 48. Ne8 Ke5 49. Nd6 h5 50. b6 Kf4 51. Kd4 h4 52. b7 Bxb7 53. Nxb7
h3 54. gxh3 Kxf3 55. Nd6 Kg2 56. h4 Kxh2 57. Nf5 Kh3 58. Ke5 Kg4 59. Ne7 Kxh4
{Game drawn by mutual agreement} 1/2-1/2

[Event "Team 45 45 League T34"]
[Site "Internet Chess Club"]
[Date "2007.09.15"]
[Round "9"]
[White "quotha"]
[Black "DaveTheRook"]
[Result "0-1"]
[WhiteElo "1558"]
[BlackElo "1667"]
[Opening "King's Indian: 6.Be2"]
[ECO "E91"]
[Time "18:05:22"]
[TimeControl "2700+45"]

1. d4 Nf6 2. c4 g6 3. Nc3 Bg7 4. e4 d6 5. Nf3 O-O 6. Be2 Nbd7 7. b4 c6 8. O-O e5
9. dxe5 dxe5 10. h3 Qe7 11. Qb3 a5 12. Ba3 axb4 13. Bxb4 c5 14. Ba3 b6 15. Nd5
Nxd5 16. cxd5 Ba6 17. Bxa6 Rxa6 18. Bb2 Rb8 19. Qb5 Ra5 20. Qc6 Rba8 21. d6 Qd8
22. a3 Rc8 23. Qd5 c4 24. Qd2 Rac5 25. Rac1 b5 26. Bc3 R5c6 27. Rfe1 Ra8 28. Qd5
Rc5 29. Qd2 Ra4 30. Bb4 Rc6 31. Qd5 Qb6 32. Ng5 Nf6 33. Qxf7+ Kh8 34. Ne6 Ra7
{White resigns} 0-1

[Event "Team 45 45 League T34"]
[Site "Internet Chess Club"]
[Date "2007.09.15"]
[Round "9"]
[White "alaskauk"]
[Black "oldsj"]
[Result "0-1"]
[WhiteElo "1470"]
[BlackElo "1519"]
[Opening "Ruy Lopez: exchange variation, 5.O-O"]
[ECO "C68"]
[Time "09:04:00"]
[TimeControl "2700+45"]

1. e4 e5 2. Nf3 Nc6 3. Bb5 a6 4. Bxc6 dxc6 5. O-O Bg4 6. d3 Bd6 7. h3 Bh5 8.
Nbd2 Qe7 9. b3 O-O-O 10. Bb2 f6 11. Qc1 Qd7 12. a4 Ne7 13. Kh2 c5 14. Re1 Nc6
15. Re3 f5 16. Ba3 Nd4 17. Nxd4 exd4+ 18. Rg3 Bxg3+ 19. fxg3 b6 20. a5 g5 21.
axb6 cxb6 22. Nc4 Qe6 23. Qxg5 Bg6 24. Bb2 b5 25. Na3 Rhg8 26. Qf4 Qd6 27. Qxd6
Rxd6 28. Nxb5 Rb6 29. Na3 fxe4 30. Nc4 Re6 31. dxe4 Bxe4 32. Re1 Bf5 33. Rxe6
Bxe6 34. Ba3 Bxc4 35. bxc4 Rg5 36. g4 Kd7 37. Kg3 Kc6 38. Kf4 Rg8 39. g5 Kd6 40.
h4 Rf8+ 41. Kg4 Rf2 42. Bc1 Ke6 43. g3 Rxc2 44. Bf4 d3 45. Kh5 Kf7 46. Kh6 Kg8
47. g6 hxg6 48. Kxg6 d2 49. Bxd2 Rxd2 50. g4 Rd6+ 51. Kg5 a5 {White resigns} 0-1

[Event "Team 45 45 League T34"]
[Site "Internet Chess Club"]
[Date "2007.09.13"]
[Round "9"]
[White "HKNIGHT"]
[Black "Platitude"]
[Result "0-1"]
[WhiteElo "1713"]
[BlackElo "1635"]
[Opening "Queen's pawn game"]
[ECO "A45"]
[Time "16:00:30"]
[TimeControl "2700+45"]

1. d4 Nf6 2. e3 d5 3. f4 Bf5 4. Nf3 e6 5. a3 c5 6. Be2 cxd4 7. exd4 Qc7 8. O-O
Bxc2 9. Qe1 Bd6 10. Ne5 Nc6 11. Bb5 Qb6 12. Bxc6+ bxc6 13. Qc3 Bxb1 14. Rxb1
Bxe5 15. fxe5 Ne4 16. Be3 Nxc3 17. bxc3 Qc7 18. Rf2 O-O 19. Rf3 Rab8 20. Rbf1
Rb2 21. Rg3 Kh8 22. h4 Qe7 23. Bg5 Qxa3 24. Bc1 Rfb8 25. Rgf3 Qa2 26. Bxb2 Rxb2
27. R3f2 Rxf2 28. Rxf2 Qa1+ 29. Kh2 Qxc3 30. Rxf7 Kg8 31. Rxa7 Qxd4 32. Ra8+ Kf7
33. Kh3 Qe3+ 34. g3 h5 35. Rc8 Qg1 36. Rc7+ Kg6 37. g4 hxg4# {White checkmated}
0-1

[Event "Team 45 45 League T34"]
[Site "Internet Chess Club"]
[Date "2007.09.12"]
[Round "9"]
[White "Sleete"]
[Black "Queen"]
[Result "1-0"]
[WhiteElo "1927"]
[BlackElo "1742"]
[Opening "Sicilian: Taimanov variation"]
[ECO "B48"]
[Time "16:06:55"]
[TimeControl "2700+45"]

1. e4 c5 2. Nf3 e6 3. d4 cxd4 4. Nxd4 Nc6 5. Nc3 a6 6. Be3 Qc7 7. Nxc6 bxc6 8.
Qd2 Nf6 9. Be2 e5 10. f3 d6 11. O-O Be7 12. Na4 Rb8 13. Rad1 d5 14. c3 dxe4 15.
Nc5 exf3 16. Nxa6 Bxa6 17. Bxa6 fxg2 18. Qxg2 O-O 19. Bc4 Rfd8 20. Rxd8+ Rxd8
21. a4 Nd5 22. b4 Rd6 23. Qe4 Rg6+ 24. Kh1 Rf6 25. Rxf6 Nxf6 26. Qf3 e4 27. Qf5
Qd8 28. Bd4 g6 29. Qf4 e3 30. Qxe3 Nd5 31. Qf3 Kf8 32. a5 f5 33. a6 Nxb4 34. Qh3
h5 35. Qg3 g5 36. Qe5 Nd5 37. Qh8+ Kf7 38. Qxd8 Bxd8 39. Bxd5+ cxd5 40. a7 g4
41. a8=Q Ke8 42. Bb6 Ke7 43. Qxd8+ Ke6 44. Qg8+ Kd6 45. Qb8+ Kd7 46. Qc7+ Ke6
47. Bc5 Kf6 48. Qe7+ Kg6 49. Bd4 f4 50. Qg7+ Kf5 51. Qe5+ Kg6 52. Qf6+ {Black
resigns} 1-0

[Event "Team 45 45 League T34"]
[Site "Internet Chess Club"]
[Date "2007.09.16"]
[Round "9"]
[White "scottrugby"]
[Black "hotwater"]
[Result "1/2-1/2"]
[WhiteElo "1506"]
[BlackElo "1464"]
[Opening "Scotch gambit: Dubois-Réti defense"]
[ECO "C55"]
[Time "10:06:14"]
[TimeControl "2700+45"]

1. e4 e5 2. Nf3 Nc6 3. d4 exd4 4. Bc4 Nf6 5. e5 d5 6. Bb5 Nd7 7. c3 a6 8. Bxc6
bxc6 9. Bg5 f6 10. exf6 Nxf6 11. Nxd4 Qd6 12. O-O Be7 13. Re1 O-O 14. Nxc6 Qxc6
15. Rxe7 Ng4 16. Qd4 Nf6 17. Nd2 Bf5 18. Bxf6 Rxf6 19. Re5 Re8 20. Rxe8+ Qxe8
21. Qxd5+ Kh8 22. Nf3 Be4 23. Re1 Re6 24. Qc4 Bf5 25. Rxe6 Bxe6 26. Qxc7 Bxa2
27. Qa5 Bc4 28. h3 h6 29. Ne5 Bb5 30. c4 Qxe5 31. cxb5 axb5 32. b4 Kg8 33. f4
Qe3+ 34. Kh1 Qc1+ 35. Kh2 Qxf4+ 36. Kh1 Qf1+ 37. Kh2 Qf4+ 38. Kh1 {Game drawn by
mutual agreement} 1/2-1/2

[Event "Team 45 45 League T34"]
[Site "Internet Chess Club"]
[Date "2007.09.15"]
[Round "9"]
[White "Russellovich"]
[Black "civilization"]
[Result "1-0"]
[WhiteElo "1721"]
[BlackElo "1472"]
[Opening "Sicilian: Pin variation (Sicilian counter-attack)"]
[ECO "B41"]
[Time "15:54:55"]
[TimeControl "2700+45"]

1. e4 c5 2. Nf3 e6 3. d4 cxd4 4. Nxd4 Nf6 5. Nc3 Bb4 6. Qf3 d5 7. Bb5+ Bd7 8.
exd5 Nxd5 9. Bd2 Bxc3 10. Bxc3 Bxb5 11. Nxb5 Nxc3 12. Qxc3 Nc6 13. Qxg7 Qa5+ 14.
Nc3 O-O-O 15. O-O Rhg8 16. Qxf7 Qg5 17. Qxe6+ Kb8 18. g3 h5 19. Rad1 Rde8 20.
Qd6+ Ka8 21. Nd5 a6 22. Nc7+ Ka7 {Black resigns} 1-0

[Event "Team 45 45 League T34"]
[Site "Internet Chess Club"]
[Date "2007.09.16"]
[Round "9"]
[White "g8wrb"]
[Black "carolinaknight"]
[Result "1-0"]
[WhiteElo "1380"]
[BlackElo "1299"]
[Opening "French: Rubinstein variation"]
[ECO "C03"]
[Time "15:04:31"]
[TimeControl "2700+45"]

1. e4 e6 2. d4 d5 3. Nd2 dxe4 4. Nxe4 Nd7 5. Nf3 Ngf6 6. Nc3 Bb4 7. Qd3 O-O 8.
Be2 b6 9. a3 Bxc3+ 10. Qxc3 Bb7 11. O-O Nd5 12. Qd3 h6 13. Bd2 Qf6 14. Qb5 Rac8
15. Qxd7 Rfd8 16. Qa4 Nf4 17. Ba6 Bxa6 18. Qxa6 Rb8 19. Rfe1 Qg6 20. Bxf4 Ra8
21. c3 Qc2 22. Qe2 Qa4 23. Bxc7 Rdc8 24. Be5 Qc6 25. Qe4 Qb5 26. Qg4 Qxb2 27.
Qxg7# {Black checkmated} 1-0

[Event "Team 45 45 League T34"]
[Site "Internet Chess Club"]
[Date "2007.09.13"]
[Round "9"]
[White "WzeroMN"]
[Black "archae13"]
[Result "0-1"]
[WhiteElo "1225"]
[BlackElo "1260"]
[Opening "Pirc defense"]
[ECO "B07"]
[Time "08:58:12"]
[TimeControl "2700+45"]

1. e4 d6 2. d4 Nf6 3. Nf3 Nxe4 4. Bc4 d5 5. Bd3 Bf5 6. O-O g6 7. Nh4 Nc6 8. Nxf5
gxf5 9. c3 Qd7 10. Nd2 h5 11. f3 Nxd2 12. Bxd2 O-O-O 13. Bf4 Bh6 14. Bd2 Bxd2
15. Qxd2 e5 16. dxe5 Nxe5 17. Qg5 Nxd3 {White resigns} 0-1

[Event "Team 45 45 League T34"]
[Site "Internet Chess Club"]
[Date "2007.09.16"]
[Round "9"]
[White "rpgrossman"]
[Black "Mitch99"]
[Result "0-1"]
[WhiteElo "1116"]
[BlackElo "1508"]
[Opening "English opening"]
[ECO "A05"]
[Time "15:25:10"]
[TimeControl "2700+45"]

1. Nf3 Nf6 2. c4 Nc6 3. g3 e5 4. Bg2 d5 5. b3 Be6 6. O-O Qd7 7. Ng5 O-O-O 8.
Nxe6 Qxe6 9. d3 h5 10. Bg5 Be7 11. Nc3 dxc4 12. bxc4 Ng4 13. Bxe7 Nxe7 14. Ne4
Nc6 15. Rb1 Qe7 16. Qb3 b6 17. h3 Nf6 18. Nxf6 Qxf6 19. Qa4 Kb7 20. Bxc6+ Qxc6
21. Qxc6+ Kxc6 22. Rb5 f6 23. a4 Rd4 24. a5 a6 25. Rb3 e4 26. Ra1 bxa5 27. Rxa5
Ra8 28. Rba3 Kb6 29. c5+ Kb7 30. c6+ Kb6 31. Rxh5 Kxc6 32. Rc3+ Kb6 33. Rb3+ Kc6
34. Rc3+ Kb6 35. Rb3+ Ka7 36. Rh7 Rg8 37. Rc3 exd3 38. Rxc7+ Kb6 39. Rc1 d2 40.
Rd1 Kc5 41. Rh5+ Kc4 42. Ra5 Kc3 43. Ra3+ Kc2 44. Raa1 Rc8 45. e3 Rd6 46. Kf1
Kd3 47. Ra3+ Rc3 48. Rxc3+ Kxc3 49. Ke2 Kc2 50. f4 a5 51. e4 a4 52. e5 fxe5 53.
fxe5 Rd4 54. e6 Re4+ 55. Kf3 Rxe6 56. Rxd2+ Kxd2 57. g4 a3 58. Kf4 a2 59. Kf5
Rf6+ 60. Ke5 a1=Q+ 61. Kd5 Qa5+ 62. Ke4 g5 63. Kd4 Rf4# {White checkmated} 0-1